 Dungeon Crawl Stone Soup version 0.20.1-1-g8b1a95d (webtiles) character file.

457 esteth the Agent of Entropy (level 7, -3/78 HPs)
             Began as a Formicid Abyssal Knight on Oct 15, 2017.
             Was a Priest of Lugonu.
             Slain by Duvessa
             ... wielding a +0 short sword
              (6 damage)
             ... on level 4 of the Dungeon.
             The game lasted 00:09:09 (4120 turns).

esteth the Agent of Entropy (FoAK)                  Turns: 4120, Time: 00:09:10

Health: -3/78      AC: 23    Str: 18    XL:     7   Next: 27%
Magic:  11/11      EV:  2    Int: 14    God:    Lugonu [***...]
Gold:   163        SH:  0    Dex: 10    Spells: 6/6 levels left

rFire    . . .     SeeInvis +   a - +1 spear
rCold    . . .     Gourm    .   (no shield)
rNeg     + + +     Faith    .   (armour currently unavailable)
rPois    +         Spirit   .   (helmet unavailable)
rElec    .         Reflect  .   (cloak currently unavailable)
rCorr    .         Harm     .   (gloves currently unavailable)
MR       .....                  (boots currently unavailable)
Stlth    +.........             (no amulet)
Regen    0.3/turn               f - ring of see invisible
MPRegen  0.2/turn               (no ring)

@: tree-form
A: permanent stasis, dig shafts and tunnels, four strong arms, clever 1,
screaming 1
a: Depart the Abyss, Bend Space, Banish, Renounce Religion


You were on level 4 of the Dungeon.
You worshipped Lugonu.
Lugonu was most pleased with you.
You were not hungry.
You were a tree.
You visited 1 branch of the dungeon, and saw 4 of its levels.
You visited the Abyss 1 time.
You also visited: Sewer.

You collected 163 gold pieces.

Inventory:

Hand Weapons
 a - a +1 spear (weapon)
Armour
 b - a +0 leather armour
 e - a +0 pair of gloves (melded)
 o - a +0 ring mail (melded)
 u - a +0 shield
Jewellery
 f - a ring of see invisible (left branch)
Scrolls
 d - 2 scrolls of enchant weapon {unknown}
 g - a scroll of magic mapping {unknown}
 h - 2 scrolls of amnesia {unknown}
 j - 3 scrolls of remove curse {unknown}
 p - 2 scrolls of teleportation {unknown}
 r - 3 scrolls of fear {unknown}
 t - a scroll of immolation {unknown}
 v - 2 scrolls of identify {unknown}
Potions
 q - a potion of brilliance {unknown}
 w - a potion of might {unknown}
Comestibles
 c - a bread ration
 i - a meat ration
 x - 3 fruits
 z - a royal jelly


   Skills:
 - Level 3.2 Fighting
 - Level 5.5 Polearms
 - Level 2.1 Armour
 - Level 1.0 Dodging
 + Level 6.1 Invocations


You had 6 spell levels left.
You didn't know any spells.

Dungeon Overview and Level Annotations

Branches:
Dungeon (4/15)
 Temple: D:4-7

Altars:

Annotations:
D:4 2 runed doors, Duvessa
Abyss:1 Dowan


Innate Abilities, Weirdness & Mutations

You cannot be hasted, slowed, berserked, paralysed or teleported.
You can dig through walls and to a lower floor.
Your four strong arms can wield two-handed weapons with a shield.
((You have a pair of large antennae on your head. (SInv)))
Your mind is acute. (Int +2)
((Your system is resistant to poisons. (rPois)))
You occasionally shout uncontrollably at your foes.


Message History

Duvessa goes berserk!
Your Invocations skill increases to level 6!
You feel somewhat more hungry.
You can no longer corrupt the fabric of space.
The adder skeleton misses you. Duvessa hits you but does no damage.
You don't have enough magic at the moment.
It was a potion of mutation.
You feel extremely strange.
You feel the urge to shout.
You feel resistant to poisons.
You feel clever. Duvessa hits you with a short sword.
* * * LOW HITPOINT WARNING * * *
The adder skeleton barely misses you. Duvessa hits you with a short sword.
* * * LOW HITPOINT WARNING * * *
It was a potion of lignification.
You turn into a tree.
Your +0 pair of gloves melds into your body.
Your +0 ring mail melds into your body.
Your roots penetrate the ground.
The adder skeleton barely misses you. Duvessa hits you but does no damage.
The adder skeleton bites you but does no damage.
It was a potion of magic.
Magic courses through your body. Duvessa hits you with a short sword.
You die...

#..# #..# #..# #..#
#..##
###############...#
#.....Z♣§§......#.##
#.######e§.........#
#........##.#
#..######..#.# #.##
{ ##.#e# ...
#.#.###.# ##..
+.e.....# #..
+.#.##### #..
#.....#


You could see Duvessa (berserk) and an adder skeleton.

Vanquished Creatures
  The ghost of Mlkhall the Firebug, an amateur DrFE of Sif Muna (D:3)
  A scorpion (D:3)
  An orc priest (D:4)
  3 orc wizards
  A worker ant (D:4)
  2 adders
  4 river rats (Sewer)
  3 dart slugs
  3 leopard geckos
  10 orcs
  6 ball pythons (Sewer)
  7 bats
  8 giant cockroaches
  9 goblins
  13 hobgoblins
  A jackal (D:1)
  8 frilled lizards
  9 kobolds
  16 rats
106 creatures vanquished.

Vanquished Creatures (others)
  A dart slug (D:1)
1 creature vanquished.

Grand Total: 107 creatures vanquished

Notes
Turn   | Place    | Note
-------+----------+-------------------------------------------
     0 | Abyss:1  | esteth the Formicid Abyssal Knight began the quest for the Orb.
     0 | Abyss:1  | Reached XP level 1. HP: 18/18 MP: 2/2
    20 | D:1      | Escaped the Abyss
    49 | D:1      | Reached skill level 1 in Dodging
   331 | D:1      | Reached XP level 2. HP: 23/24 MP: 3/3
   649 | D:1      | Reached XP level 3. HP: 29/29 MP: 4/4
  1041 | D:2      | Reached ** piety under Lugonu
  1215 | D:2      | Reached XP level 4. HP: 27/35 MP: 5/5
  1813 | D:3      | Reached XP level 5. HP: 17/41 MP: 6/6
  2067 | D:3      | Found a glowing drain.
  2080 | D:3      | Reached skill level 5 in Polearms
  2090 | Sewer    | Entered a sewer
  2225 | Sewer    | Reached *** piety under Lugonu
  2389 | Sewer    | Reached XP level 6. HP: 45/47 MP: 6/8
  2400 | Sewer    | Reached skill level 3 in Invocations
  2749 | D:3      | Noticed Mlkhall's ghost (amateur DrFE)
  2783 | D:3      | Killed Mlkhall's ghost
  2783 | D:3      | Reached skill level 4 in Invocations
  3020 | D:3      | Reached skill level 5 in Invocations
  3191 | D:3      | Reached **** piety under Lugonu
  3352 | D:4      | Found a large runed door.
  3352 | D:4      | Found a large runed door.
  3390 | D:4      | Reached XP level 7. HP: 49/52 MP: 9/11
  3652 | D:4      | Noticed Duvessa
  3653 | D:4      | Noticed Dowan
  4117 | D:4      | Banished Dowan
  4117 | D:4      | Reached skill level 6 in Invocations
  4118 | D:4      | Gained mutation: You occasionally shout uncontrollably at your foes. [potion of mutation]
  4118 | D:4      | Gained mutation: Your system is resistant to poisons. (rPois) [potion of mutation]
  4118 | D:4      | Gained mutation: Your mind is acute. (Int +2) [potion of mutation]
  4118 | D:4      | HP: 2/52 [Duvessa/short sword (6)]
  4120 | D:4      | Slain by Duvessa

Skill      XL: |  1  2  3  4  5  6  7 |
---------------+----------------------+-----
Dodging        | 1 |  1.0
Polearms       | 3 4 5 |  5.5
Invocations    | 5 6 |  6.1
Fighting       | |  3.2
Armour         | |  2.1

Action                   |  1- 3 |  4- 6 |  7- 9 || total
-------------------------+-------+-------+-------++-------
Melee: Spear             |   118 |   298 |    71 ||   487
Invok: Banish            |       |       |     2 ||     2
 Abil: Dig               |       |     3 |       ||     3
  Use: Scroll            |     1 |       |       ||     1
       Potion            |       |       |     6 ||     6
  Eat: Chunk             |     1 |     9 |       ||    10
       Bread ration      |       |       |     1 ||     1
Armor: Leather armour    |    24 |    17 |       ||    41
       Ring mail         |       |    68 |    40 ||   108
       Skin              |       |       |     2 ||     2
Dodge: Dodged            |    57 |   132 |    39 ||   228
